 Dungeon Sprint DCSS version 0.31-a0-960-g0fca184906 (webtiles) character file.

Game seed: 13613809960113915720

5514 sircluck the Grappler (level 10, -2/118 HPs)
             Began as a Troll Berserker on Oct 23, 2023.
             Was a High Priest of Trog.
             Slain by an unseen horror (10 damage)
             ... in the Dungeon (Sprint VII: "The Pits").
             The game lasted 00:02:19 (860 turns).

sircluck the Grappler (Troll Berserker)              Turns: 860, Time: 00:02:20

Health: -2/118     AC:  4    Str: 31    XL:     10   Next: 43%
Magic:  9/9        EV: 13    Int:  3    God:    Trog [*****.]
Gold:   0          SH:  0    Dex:  9    Spells: 9/9 levels left

rFire   . .          .
                       - Unarmed
rCold   . . .        (no shield)
rNeg    . . .        a - +0 animal skin
rPois   .            (helmet restricted)
rElec   .            (no cloak)
rCorr   .            (gloves unavailable)
SInv    .            (boots unavailable)
Will    .....        (no amulet)
Stlth   +            (no ring)
HPRegen 1.19/turn    (no ring)
MPRegen 0.11/turn

%: no teleportation
@: on berserk cooldown, slowed, very slow
A: large, unfitting armour, claws 3, regeneration 1, shaggy fur 1, tough skin 1
a: Renounce Religion, Berserk, Trog's Hand, Brothers in Arms


You were in the Dungeon.
You worshipped Trog.
Trog was extremely pleased with you.
You visited 1 branch

Inventory:

Missiles
 h - 2 large rocks
Armour
 a - a +0 animal skin (worn)
Potions
 d - a potion of haste
 e - 2 potions of magic
 f - a potion of berserk rage


   Skills:
 + Level 12.7 Fighting
 + Level 12.5 Dodging
 + Level 14.7 Unarmed Combat


You had 9 spell levels left.
You didn't know any spells.
Your spell library was empty.

Dungeon Overview and Level Annotations

Branches:
Dungeon (1/1)

Altars:


Innate Abilities, Weirdness & Mutations

You are too large for most types of armour.
You have claws for hands.
Your natural rate of healing is unusually fast.
You are covered in fur. (AC +1)
You have tough skin. (AC +1)


Message History

Something hits you but does no damage. The anaconda bites you.
* * * LOW HITPOINT WARNING * * *
The anaconda constricts you.
* * * LOW HITPOINT WARNING * * *
Something hits you.
* * * LOW HITPOINT WARNING * * *
Unknown command.
You eviscerate the anaconda!!!
You kill the anaconda!
Trog accepts your kill. Something hits you.
* * * LOW HITPOINT WARNING * * *
Unknown command.
Unknown command.
You scratch something. Something hits you.
* * * LOW HITPOINT WARNING * * *
You claw something! Your claw misses something. Something hits you!
* * * LOW HITPOINT WARNING * * *
Something hits you.
* * * LOW HITPOINT WARNING * * *
You closely miss something. Something hits you!
* * * LOW HITPOINT WARNING * * *
You start resting.
You feel a strong urge to attack something.
Something hits you.
* * * LOW HITPOINT WARNING * * *
You start resting.
You feel your anger nearly subside.
You are no longer berserk.
You are exhausted.
You feel yourself slow down. Something hits you.
* * * LOW HITPOINT WARNING * * *
You start resting.
Something hits you but does no damage. Something hits you!
* * * LOW HITPOINT WARNING * * *
Unknown command.
Unknown command.
You feel better. Something hits you.
* * * LOW HITPOINT WARNING * * *
Something hits you!
You die...

#..# #..#
#..###############
#.................
#.................
##########''######
##########''######
#................#
#@.....#..#......#
#................'
+................'
#......#..#......#
#................#
####'#####''######
#.......##''#####
#.......##.)....#
#.......##††....#


There were no monsters in sight!

Vanquished Creatures
  A rakshasa (D)
  A hydra (D)
  A merfolk avatar (D)
  An anaconda (D)
  A lindwurm (D)
  A cyclops (D)
  A rust devil (D)
  A gargoyle (D)
  A smoke demon (D)
  A freezing wraith (D)
  A tyrant leech (D)
  A ynoxinul (D)
  A swamp drake (D)
  A black bear (D)
  A bullfrog (D)
  A quasit (D)
  An iron imp (D)
  A hobgoblin (D)
18 creatures vanquished.

Vanquished Creatures (others)
  A spriggan druid (D)
1 creature vanquished.

Grand Total: 19 creatures vanquished

Notes
Turn   | Place    | Note
-------+----------+-------------------------------------------
     0 | D        | sircluck the Troll Berserker began the quest for the Orb.
     0 | D        | Reached XP level 1. HP: 22/22 MP: 0/0
    24 | D        | Noticed a smoke demon
    37 | D        | Killed a smoke demon
    38 | D        | Reached skill level 7 in Unarmed Combat
    38 | D        | Reached XP level 2. HP: 37/37 MP: 1/1
    38 | D        | Reached XP level 3. HP: 45/45 MP: 2/2
    38 | D        | Reached XP level 4. HP: 53/53 MP: 3/3
    38 | D        | Reached XP level 5. HP: 61/61 MP: 4/4
    38 | D        | Reached XP level 6. HP: 68/68 MP: 5/5
    50 | D        | Noticed a swamp drake
    52 | D        | Noticed a spriggan druid
    65 | D        | Killed a spriggan druid
    66 | D        | Reached skill level 10 in Unarmed Combat
    66 | D        | Reached XP level 7. HP: 20/81 MP: 6/6
    89 | D        | Reached ** piety under Trog
   125 | D        | Noticed a lindwurm
   132 | D        | Killed a lindwurm
   133 | D        | Reached skill level 11 in Unarmed Combat
   133 | D        | Reached XP level 8. HP: 74/92 MP: 7/7
   256 | D        | Noticed a gargoyle
   258 | D        | Noticed a merfolk avatar
   268 | D        | Killed a gargoyle
   283 | D        | Killed a merfolk avatar
   283 | D        | Reached *** piety under Trog
   284 | D        | Reached skill level 10 in Fighting
   284 | D        | Reached skill level 10 in Dodging
   284 | D        | Reached skill level 12 in Unarmed Combat
   284 | D        | Reached XP level 9. HP: 100/102 MP: 8/8
   399 | D        | Noticed a rust devil
   400 | D        | Noticed a freezing wraith
   419 | D        | Killed a rust devil
   423 | D        | Killed a freezing wraith
   424 | D        | Reached skill level 13 in Unarmed Combat
   484 | D        | Noticed a rakshasa
   484 | D        | Noticed a cyclops
   498 | D        | Killed a rakshasa
   498 | D        | Reached **** piety under Trog
   504 | D        | Killed a cyclops
   505 | D        | Reached XP level 10. HP: 115/115 MP: 9/9
   564 | D        | Noticed an eight-headed hydra
   572 | D        | Killed an 11-headed hydra
   573 | D        | Reached skill level 14 in Unarmed Combat
   792 | D        | Reached ***** piety under Trog
   798 | D        | Received a gift from Trog
   833 | D        | Noticed an anaconda
   849 | D        | Killed an anaconda
   859 | D        | HP: 5/118 [something (8)]
   860 | D        | Slain by an unseen horror

Illustrated notes

Levels and vault maps discovered:
D:        pitsprint [storerooms_1, entrance_room_1, metal_vault_2, armoury_1,
          mini_pit_1, grid_room_1, main_hall_1, silver_pit, the_coven_3,
          the_vestibule_1, steel_vault_4, golden_pit, hallway_of_sentries,
          crystal_vault_1, iron_vault_1, final_vault]

Skill      XL: |  1  2  3  4  5  6  7  8  9 10 |
---------------+-------------------------------+-----
Fighting       | 6 8 9 10 11 12 | 12.7
Dodging        | 6 8 9 10 11 12 | 12.5
Unarmed Combat | 7 10 11 12 13 14 | 14.7

Action                     |  1- 3 |  4- 6 |  7- 9 | 10-12 || total
---------------------------+-------+-------+-------+-------++-------
  Melee: Unarmed           |     4 |     7 |    43 |    25 ||    79
         Punch             |       |     1 |     2 |     4 ||     7
 Invoke: Berserk           |     1 |       |     3 |     2 ||     6
    Use: Potion            |       |       |       |     2 ||     2
         Scroll            |       |       |       |     1 ||     1
 Armour: Animal skin       |     8 |     8 |    19 |    61 ||    96
  Dodge: Dodged            |     1 |     4 |    14 |    20 ||    39

Table legend: (Time is in decaauts)
 A = Elapsed time spent in this place.
 B = Non-inter-level travel time spent in this place.
 C = Inter-level travel time spent in this place.
 D = Time resting spent in this place.
 E = Time spent auto-exploring this place.
 F = Levels seen in this place.
 G = Mean time per level.
                   A        B        C        D        E       F      G
               +--------+--------+--------+--------+--------+-----+--------+
         Total |    899 |    899 |      0 |    486 |      0 |   1 |  899.0 |
       Dungeon |    899 |    899 |      0 |    486 |      0 |   1 |  899.0 |
               +--------+--------+--------+--------+--------+-----+--------+

Top non-repeatable levels by time:
       D: 899 daAuts
